 Dungeon Crawl Stone Soup version 0.22.1-6-g1668fe2c40 (webtiles) character file.

49 Gargoyl the Skirmisher (level 3, 0/31 HPs)
             Began as a Centaur Abyssal Knight on Jan 19, 2019.
             Was a Follower of Lugonu.
             Slain by a jackal (2 damage)
             ... on level 2 of the Dungeon.
             The game lasted 00:02:11 (1448 turns).

Gargoyl the Skirmisher (Centaur Abyssal Knight)     Turns: 1448, Time: 00:02:11

Health: 0/31       AC:  5    Str: 14    XL:     3   Next: 53%
Magic:  4/4        EV:  9    Int: 11    God:    Lugonu [*.....]
Gold:   116        SH:  0    Dex:  9    Spells: 2/2 levels left

rFire    . . .     SeeInvis .   a - +2 hand axe
rCold    . . .     Gourm    .   (no shield)
rNeg     . . .     Faith    .   b - +0 leather armour
rPois    .         Spirit   .   d - +0 helmet
rElec    .         Reflect  .   (no cloak)
rCorr    .         Harm     .   (no gloves)
MR       .....                  (no barding)
Stlth    +.........             (no amulet)
HPRegen  0.10/turn              (no ring)
MPRegen  0.09/turn              (no ring)

@: lethally poisoned (0 -> -3), flying, very quick
A: large, hooves 3, deformed body, speed 2, tough skin 3
a: Depart the Abyss, Renounce Religion


You were on level 2 of the Dungeon.
You worshipped Lugonu.
Lugonu was aware of your devotion.
You were not hungry.

You visited 1 branch of the dungeon, and saw 2 of its levels.
You visited the Abyss 1 time.

You collected 116 gold pieces.

Inventory:

Hand Weapons
 a - a +2 hand axe (weapon)
Armour
 b - a +0 leather armour (worn)
 d - a +0 helmet (worn)
Comestibles
 c - 6 rations
 g - 2 chunks of flesh


   Skills:
 + Level 3.4 Fighting
 + Level 2.3 Axes
 * Level 1.8 Armour
 * Level 1.0 Dodging
 * Level 2.4 Invocations


You had 2 spell levels left.
You didn't know any spells.
Your spell library was empty.

Dungeon Overview and Level Annotations

Branches:
Dungeon (2/15)

Altars:


Innate Abilities, Weirdness & Mutations

You have hooves in place of feet.
Armour fits poorly on your strangely shaped body.
You cover ground very quickly.
You have extremely tough skin. (AC +3)


Message History

You bump into the rock wall.
You feel sick. The jackal completely misses you. The adder bites you.
* * * LOW HITPOINT WARNING * * *
The jackal barely misses you.
Unknown command.
You closely miss the adder. Your kick misses the adder.
The adder is heavily wounded.
You miss the jackal.
You feel less invigorated.
You feel less confused. The adder barely misses you. The jackal misses you.
The adder bites you but does no damage.
Unknown command.
You barely miss the adder.
The adder is heavily wounded.
You hit the jackal.
* * * LOW HITPOINT WARNING * * *
You feel sick. The jackal bites you.
* * * LOW HITPOINT WARNING * * *
The adder closely misses you. The jackal bites you.
You die...

######### ........#
........#####
..%.$......# ##
..........# ######. #
#.......# #....#.
#...###S......####....#.
.....hh@................
....#####.##############
. ###


You could see an adder and 2 jackals.

Vanquished Creatures
  An adder (D:2)
  A dart slug (D:2)
  A leopard gecko (D:1)
  3 bats
  2 giant cockroaches (D:2)
  6 hobgoblins (D:1)
  5 jackals (D:2)
  A quokka (D:2)
  A ball python (D:2)
  3 frilled lizards (D:1)
  2 goblins (D:1)
  3 kobolds (D:1)
  5 rats
34 creatures vanquished.

Notes
Turn   | Place    | Note
-------+----------+-------------------------------------------
     0 | Abyss:1  | Gargoyl the Centaur Abyssal Knight began the quest for the
                  | Orb.
     0 | Abyss:1  | Reached XP level 1. HP: 19/19 MP: 2/2
    65 | Abyss:1  | Noticed a small abomination
    87 | Abyss:1  | Noticed a large abomination
    93 | Abyss:2  | Found a corrupted altar of Lugonu.
   130 | Abyss:2  | Noticed a thrashing horror
   135 | Abyss:2  | Noticed a wretched star
   138 | D:1      | Escaped the Abyss
   364 | D:1      | Reached * piety under Lugonu
   364 | D:1      | Reached XP level 2. HP: 26/26 MP: 3/3
  1037 | D:2      | Reached skill level 1 in Dodging
  1123 | D:2      | Reached XP level 3. HP: 24/31 MP: 4/4
  1446 | D:2      | HP: 1/31 [adder (5)]
  1448 | D:2      | Slain by a jackal

Skill      XL: |  1  2 |
---------------+-------+-----
Axes           | 2 |  2.3
Dodging        | 1 |  1.0
Fighting       | |  3.4
Armour         | |  1.8
Invocations    | |  2.4

Action                   || total
-------------------------++-------
Melee: Hand axe          ||   107
       Kick              ||     7
Invok: Depart the Abyss  ||     1
  Use: Scroll            ||     5
       Potion            ||     2
  Eat: Chunk             ||     1
Armor: Leather armour    ||    67
Dodge: Dodged            ||    76
